 Dungeon Crawl Stone Soup version 0.32-a0-589-g2d1f746d5d (webtiles) character file.

Game seed: 4417228321870723954

1461127 Sergey the Metallomancer (level 27, 273/273 (302) HPs)
             Began as a Purple Draconian Reaver on Mar 2, 2024.
             Was the Champion of Ru.
             Escaped with the Orb
             ... and 3 runes!
             The game lasted 03:30:27 (105786 turns).

Sergey the Metallomancer (DrRe)                   Turns: 105786, Time: 03:30:27

HP:   273/273 (302) AC: 39    Str: 21    XL:     27
MP:   49/63         EV: 14    Int: 42    God:    Ru [******]
Gold: 7908          SH:  5    Dex: 10    Spells: 1/62 levels left

rFire   + . .        q - staff of Tirav {rF+ rC+ Str+3 Int+6 Conj}
rCold   + . .        o - +0 buckler of Absence {rN+ Will+ Str+2 Int+2}
rNeg    + + .        (body armour unavailable)
rPois   ∞            g - +2 hat of Classification {+Blink MP+9}
rElec   +            a - +2 cloak {rCorr}
rCorr   +            D - melded +2 pair of gloves {Str+3}
SInv    .            l - melded +2 pair of boots {Stlth+}
Will    +++++        s - amulet "Tipniux" {Regen+ RegenMP+ Int+3} Stlth
                     Y - ring "Riopil" {^Drain rElec MP+9 Int+6, =R}
HPRegen 1.45/turn    C - ring of the Building Visionary {Fly AC+4 Int+3 Slay+3}
MPRegen 0.78/turn

%: no passive effects
@: statue-form, flying, studying 3 skills, drained, very slow
A: slow and powerful, torment resistance 1, flying, boosted hp, (nullifying
breath), AC +13, unfitting armour, cold-blooded, inability to drink after injury
2, no stealth, hated by all, unskilled 2, big wings, clumsy 1, dopey 1, subdued
magic 1, persistent drain
0: Orb of Zot
}: 3/15 runes: decaying, serpentine, silver
a: Begin Untransformation, Renounce Religion, Evoke Blink, Draw Out Power, Power
Leap, Apocalypse


You escaped.
You worshipped Ru.
Ru was exalted by your worship.
You were a living statue of rough stone.
You visited 11 branches of the dungeon, and saw 51 of its levels.
You visited 1 bazaar.
You visited 1 ziggurat, and saw 7 of its levels.

You collected 11202 gold pieces.
You spent 3294 gold pieces at shops.

Inventory:

Hand Weapons
 n - the +8 arc blade {discharge, rElec}
   (You took it off Nikola on level 4 of the Swamp)

   rElec:     It insulates you from electricity.
 w - the +1 short sword of Wosoch Gote {flame, rElec rPois rN+ Int+3}
   (You found it on level 13 of the Dungeon)

   Int+3:     It affects your intelligence (+3).
   rElec:     It insulates you from electricity.
   rPois:     It protects you from poison.
   rN+:       It protects you from negative energy.
Missiles
 t - 6 throwing nets
Armour
 a - a +2 cloak of preservation (worn)
 e - a +2 cloak of stealth
 g - the +2 hat of Classification (worn) {+Blink MP+9}
   (You acquired it on level 4 of the Vaults)

   MP+9:      It affects your magic capacity (+9).
   +Blink:    It lets you blink.
 l - a +2 pair of boots of stealth (melded)
 o - the +0 buckler of Absence (worn) {rN+ Will+ Str+2 Int+2}
   (You found it on level 1 of the Elven Halls)

   Str+2:     It affects your strength (+2).
   Int+2:     It affects your intelligence (+2).
   rN+:       It protects you from negative energy.
   Will+:     It increases your willpower.
 D - a +2 pair of gloves of strength (melded)
 J - a +2 hat of see invisible
Magical Staves
 q - the staff of Tirav (weapon) {rF+ rC+ Str+3 Int+6 Conj}
   (You found it on level 3 of the Elven Halls)

   [staff of conjuration]

   Base accuracy: +5 Base damage: 5 Base attack delay: 1.2 This weapon's minimum
   attack delay (0.6) is reached at skill level 12.
   Str+3:     It affects your strength (+3).
   Int+6:     It affects your intelligence (+6).
   rF+:       It protects you from fire.
   rC+:       It protects you from cold.
   Conj:      It increases the power of your Conjurations spells.
   It falls into the 'Staves' category.
   It is a one-handed weapon.
Jewellery
 k - the ring "Ochoa" {Wiz ^Contam rPois rF++ SInv}
   (You found it on level 2 of the Depths)

   [ring of wizardry]

   Wiz:       It improves your spell success rate.
   rF++:      It greatly protects you from fire.
   rPois:     It protects you from poison.
   SInv:      It lets you see invisible.
   ^Contam:   It causes magical contamination when unequipped.
 m - the ring "Kusk" {rElec Will+ Int+3 Dex+6}
   (You found it on level 5 of the Vaults)

   [ring of dexterity]

   Int+3:     It affects your intelligence (+3).
   Dex+6:     It affects your dexterity (+6).
   rElec:     It insulates you from electricity.
   Will+:     It increases your willpower.
 s - the amulet "Tipniux" (around neck) {Regen+ RegenMP+ Int+3}
   (You found it on level 3 of the Crypt)

   [amulet of magic regeneration]

   It increases your rate of magic regeneration.
   Int+3:     It affects your intelligence (+3).
   Regen+:    It increases your rate of health regeneration.
   RegenMP+:  It increases your rate of magic regeneration.
 C - the ring of the Building Visionary (right fist) {Fly AC+4 Int+3 Slay+3}
   (You found it on level 2 of the Depths)

   [ring of protection]

   AC+4:      It affects your AC (+4).
   Int+3:     It affects your intelligence (+3).
   Slay+3:    It affects your accuracy & damage with ranged weapons and melee
   (+3).
   Fly:       It grants you flight.
 F - a ring of protection from fire
 P - a ring of resist corrosion
 X - the ring "Nacloqudae" {rPois rN+}
   (You found it on level 2 of the Elven Halls)

   [ring of positive energy]

   rPois:     It protects you from poison.
   rN+:       It protects you from negative energy.
 Y - the ring "Riopil" (left fist) {^Drain rElec MP+9 Int+6, =R}
   (You found it on level 2 of the Elven Halls)

   [ring of magical power]

   Int+6:     It affects your intelligence (+6).
   rElec:     It insulates you from electricity.
   MP+9:      It affects your magic capacity (+9).
   ^Drain:    It drains your maximum health when unequipped.
Talismans
 j - a granite talisman (active)
Wands
 c - a wand of acid (6)
 i - a wand of roots (56)
 v - a wand of digging (39)
 M - a wand of flame (93)
 W - a wand of mindburst (14)
Scrolls
 b - 8 scrolls of immolation
 d - 6 scrolls of blinking {@r4}
 r - 4 scrolls of silence {!r}
 u - a scroll of revelation {@r5}
 G - 12 scrolls of teleportation {@r3}
 I - 6 scrolls of enchant armour
 L - 3 scrolls of brand weapon
 N - 4 scrolls of fog {@r2}
 Q - 15 scrolls of amnesia
 S - 4 scrolls of enchant weapon
 Z - 3 scrolls of fear
Potions
 f - 21 potions of curing {@q2}
 h - 2 potions of magic
 p - 6 potions of might {@q3}
 x - 11 potions of mutation
 z - 7 potions of lignification
 A - 5 potions of invisibility
 B - 10 potions of heal wounds {@q1}
 E - 2 potions of cancellation
 H - 2 potions of ambrosia
 K - 7 potions of brilliance
 O - 9 potions of enlightenment
 T - a potion of haste {@q5}
Miscellaneous
 R - a lightning rod (3/4)
 U - a phial of floods
 V - a condenser vane


   Skills:
 + Level 16.4 Fighting
 - Level 2.4 Short Blades
 - Level 8.0 Dodging
 - Level 8.0 Shields
 - Level 6.0 Unarmed Combat
 - Level 18.0 Spellcasting
 - Level 10.0 Conjurations
 - Level 1.5 Translocations
 - Level 13.3 Ice Magic
 - Level 7.0 Air Magic
 - Level 24.0 Earth Magic
 - Level 7.0 Alchemy
 - Level 7.0 Evocations
 - Level 18.6 Shapeshifting


You had one spell level left.
You knew the following spells:

 Your Spells              Type           Power      Damage    Failure   Level
a - Borgnjor's Vile Clut  Necr/Erth      41%        N/A       1%          5
b - Hailstorm             Conj/Ice       100%       3d16      0%          3
c - Lehudib's Crystal Sp  Conj/Erth      59%        10d14     3%          8
d - Lee's Rapid Deconstr  Erth           55%        3d26*     0%          5
e - Blink                 Tloc           78%        N/A       1%          2
f - Freezing Cloud        Conj/Ice/Air   48%        6-21      1%          5
g - Stone Arrow           Conj/Erth      100%       3d13      0%          3
h - Passwall              Erth           100%       N/A       0%          3
o - Ozocubu's Refrigerat  Ice            43%        4d17      2%          7
r - Irradiate             Conj/Alch      45%        3d26      1%          5
s - Shatter               Erth           55%        3d42*     3%          9
z - Bombard               Conj/Erth      59%        9d10      1%          6

Your spell library contained the following spells:

 Spells                   Type           Power      Damage    Failure   Level
 Freeze                   Ice            100%       1d10      0%          1
 Magic Dart               Conj           100%       1d8       0%          1
 Sandblast                Erth           100%       2d20      0%          1
 Sting                    Conj/Alch      100%       1d9       0%          1
 Apportation              Tloc           78%        N/A       1%          1
 Foxfire                  Conj/Fire      100%       2x1d9     1%          1
 Kiss of Death            Conj/Necr      100%       2d13      1%          1
 Necrotise                Necr           100%       1d9       1%          1
 Searing Ray              Conj           100%       2d8       0%          2
 Frozen Ramparts          Ice            100%       1d16      0%          3
 Ozocubu's Armour         Ice            86%        N/A       0%          3
 Brom's Barrelling Bould  Conj/Erth      100%       2d11      0%          4
 Leda's Liquefaction      Alch/Erth      46%        N/A       0%          4
 Petrify                  Alch/Erth      92%        N/A       0%          4
 Cigotuvi's Dreadful Rot  Necr/Alch/Air  100%       N/A       1%          2
 Ensorcelled Hibernation  Hex/Ice        100%       N/A       1%          2
 Lesser Beckoning         Tloc           78%        N/A       1%          2
 Mercury Vapours          Alch/Air       100%       N/A       1%          2
 Momentum Strike          Conj/Tloc      100%       3d10      1%          2
 Static Discharge         Conj/Air       100%       3-8/arc   1%          2
 Confusing Touch          Hex            29%        N/A       1%          3
 Fugue of the Fallen      Necr           29%        N/A       1%          3
 Gell's Gravitas          Tloc           39%        N/A       1%          3
 Inner Flame              Hex/Fire       29%        N/A       1%          3
 Mephitic Cloud           Conj/Alch/Air  88%        N/A       1%          3
 Swiftness                Air            65%        N/A       1%          3
 Teleport Other           Tloc           39%        N/A       1%          3
 Vampiric Draining        Necr           29%        2d8       1%          3
 Volatile Blastmotes      Fire/Tloc      68%        2d15      1%          3
 Airstrike                Air            32%        2d(5-21)  1%          4
 Flame Wave               Conj/Fire      75%        2d17      1%          4
 Fulminant Prism          Conj/Alch      45%        3d21      1%          4
 Ignite Poison            Fire/Alch      51%        N/A       1%          4
 Iskenderun's Mystic Bla  Conj/Tloc      79%        2d16      1%          4
 Olgreb's Toxic Radiance  Alch           65%        N/A       1%          4
 Sticky Flame             Fire/Alch      51%        2d9       1%          4
 Vhi's Electric Charge    Tloc/Air       100%       N/A       1%          4
 Alistair's Intoxication  Alch           43%        N/A       1%          5
 Arcjolt                  Conj/Air       45%        1d55      1%          5
 Iskenderun's Battlesphe  Conj           96%        2d14      1%          5
 Metabolic Englaciation   Hex/Ice        32%        N/A       1%          5
 Conjure Ball Lightning   Conj/Air       45%        3x3d16    2%          6
 Manifold Assault         Tloc           39%        N/A       3%          4
 Passage of Golubria      Tloc           39%        N/A       3%          4
 Silence                  Hex/Air        25%        N/A       4%          5
 Yara's Violent Unravell  Hex/Alch       25%        3d11      4%          5
 Eringya's Noxious Bog    Alch           32%        4d6       5%          6
 Anguish                  Hex/Necr       14%        N/A       6%          4
 Cause Fear               Hex            14%        N/A       6%          4
 Dispel Undead            Necr           29%        3d13      6%          4
 Starburst                Conj/Fire      37%        6d11      13%         6
 Curse of Agony           Necr           29%        N/A       19%         5
 Plasma Beam              Fire/Air       25%        2x1d38    24%         6
 Dispersal                Tloc           19%        N/A       50%         6
 Polar Vortex             Ice            43%        12d5*     97%         9
 Enfeeble                 Hex            14%        N/A       99%         7
 Discord                  Hex            14%        N/A       100%        8
 Disjunction              Tloc           19%        N/A       100%        8
 Ignition                 Fire           14%        3d6       100%        8
 Chain Lightning          Conj/Air       45%        3d60      100%        9
 Fire Storm               Conj/Fire      37%        8d10      100%        9
 Summon Small Mammal      Summ           Unusable   N/A       N/A         1
 Call Imp                 Summ           Unusable   N/A       N/A         2
 Sublimation of Blood     Necr           Unusable   N/A       N/A         2
 Tukima's Dance           Hex            Unusable   N/A       N/A         3
 Animate Armour           Summ/Erth      Unusable   N/A       N/A         4
 Summon Lightning Spire   Summ/Air       Unusable   N/A       N/A         4
 Sculpt Simulacrum        Ice/Alch       Unusable   N/A       N/A         6
 Animate Dead             Necr           Unusable   N/A       N/A         4
 Martyr's Knell           Necr/Summ      Unusable   N/A       N/A         4
 Summon Blazeheart Golem  Fire/Summ      Unusable   N/A       N/A         4
 Death Channel            Necr           Unusable   N/A       N/A         6
 Haunt                    Necr/Summ      Unusable   N/A       N/A         7
 Summon Hydra             Summ           Unusable   N/A       N/A         7

Dungeon Overview and Level Annotations

Branches:
Dungeon (15/15)            Temple (0/1) D:4            Lair (5/5) D:11
  Swamp (4/4) Lair:3        Snake (4/4) Lair:3        Slime (1/5) Lair:5
    Orc (2/2) D:9             Elf (3/3) Orc:2        Vaults (5/5) D:14
  Crypt (3/3) Vaults:2       Tomb (0/3) Crypt:3      Depths (4/4) D:15
    Zot (5/5) Depths:4

Altars:
Cheibriados
Dithmenos
Gozag
Kikubaaqudgha
Okawaru
Ru
Sif Muna
Wu Jian
Xom
Zin
The Shining One

Shops:
D:5 *   D:10 (   D:13 !   Orc:1 :=*   Orc:2 *=(?   Snake:3 [   Depths:1 :
Depths:2 [:

Portals:
Hell: Depths:1 Depths:2 Depths:3 Depths:4
Abyss: Depths:3
Pandemonium: Depths:1 Depths:2

Annotations:
D:3 exclusion: downstairs
D:10 exclusion: downstairs
Lair:1 exclusion: oklob plant
Lair:4 2 transporters, exclusion: oklob plant, PyrotechnicPerformer's ghost, journeyman DrCA
Swamp:3 exclusion: downstairs
Snake:1 1 exclusion
Orc:1 exclusion: downstairs
Zot:2 4 transporters


Innate Abilities, Weirdness & Mutations

You are a living statue of rough stone.
Your actions are slow, but your melee attacks are powerful.
You are resistant to unholy torment.
You are flying.
Your maximum health is greatly increased.
Your equipment is partially melded.
((You can breathe blasts of antimagic.))
((Your rich purple scales are hard. (AC +13)))
You cannot fit into any form of body armour.
You are immune to poison.
You are cold-blooded and may be slowed by cold attacks.
You sometimes lose the ability to drink potions when taking damage.
You cannot be stealthy.
You are hated by all.
You are unskilled. (-2 Apt)
Your large and strong wings let you fly.
You are clumsy. (Dex -2)
You are dopey. (Int -2)
Your spells are a little easier to cast, but a little less powerful.
Your health recovers twice as slowly from being drained.


Message History

You feel a surge of power!
The iron shot hits the green death!!
You kill the green death!
The blast sends you backwards.
The Executioner hits you but does no damage. x3
Casting: Bombard (safe; 1% risk of failure)
Confirm with . or Enter, or press ? or * to list all spells.
Aiming: Bombard (safe; 1% risk of failure)
Press: ? - help, Shift-Dir - straight line, f - Executioner
Aim: an Executioner (66% to hit)
You feel a surge of power!
The iron shot misses the Executioner.
The blast sends you backwards. The Executioner misses you.
The Executioner hits you but does no damage. x2
The Executioner completely misses you.
The Executioner hits you but does no damage. x2
Casting: Bombard (safe; 1% risk of failure)
Confirm with . or Enter, or press ? or * to list all spells.
Aiming: Bombard (safe; 1% risk of failure)
Press: ? - help, Shift-Dir - straight line, f/p - Executioner
Aim: an Executioner (66% to hit)
You feel a surge of power!
The iron shot hits the Executioner!!!
The Executioner is severely wounded.
The Executioner begins to attack, but is stunned by your conviction!
The Executioner hits you but does no damage.
The Executioner hits you.
You focus your inner power and blind the Executioner in retribution!
The Executioner hits you but does no damage.
The Executioner barely misses you. The Executioner closely misses you.
The Executioner misses you.
Casting: Bombard (safe; 1% risk of failure)
Confirm with . or Enter, or press ? or * to list all spells.
Aiming: Bombard (safe; 1% risk of failure)
Press: ? - help, Shift-Dir - straight line, f/p - Executioner
Aim: an Executioner (severely wounded, blind, unable to see you, 66% to hit)
You feel a surge of power!
The iron shot hits the Executioner!!!
You kill the Executioner!
There is a staircase leading out of the dungeon here.
Unknown command.
Unknown command.
Unknown command.
You have escaped!

######...#........####..##
#.#.#........#####÷##
#)###......#..~≈~.P#
#.###.###..#.~.≈.~~#########
######....##...#~.≈.≈)~#.......#
.......#._#....#~.≈.P~.###.###.#
######.##.#....#..~.≈..#...# #.#
#.##.#....####.~P~###.###.##
#.##.##...#I..P~~~###.......
#.##......#########....#####
#.######..##.# #.###.# #.#
#..##.# ###.###.# #.#
####..##.###.....#.#####
#.###.##..##................
#.##...#..##.##.....#...#.#.
#.........##.##......#.#...#
####..............#...#.....


There were no monsters in sight!

Vanquished Creatures
  A seraph (Zot:1)
  Frederick (Vaults:2)
  3 dread liches
  6 orbs of fire
  6 ancient liches
  Mara (Snake:3)
  Sojobo (Crypt:3)
  The ghost of Mafape the Warrior, a veteran OnGl of Okawaru (Depths:3)
  6 Killer Klowns (Zot:5)
  Bai Suzhen (Vaults:4)
  Margery (Depths:2)
  4 caustic shrikes
  10 golden dragons
  Nikola (Swamp:4)
  A profane servitor (D:7)
  Norris (Vaults:3)
  A Tzitzimitl (Zot:4)
  5 electric golems
  A Hell Sentinel (Zig:7)
  12 tentacled monstrosities
  Zenata (Vaults:1)
  A shard shrike zombie (Crypt:2)
  Jorgrun (Snake:3)
  An Ice Fiend (Depths:1)
  The ghost of Leszczynek the Slayer, an adept OnAl of Trog (Swamp:4)
  Mlioglotl (Swamp:4)
  28 Orb Guardians
  7 liches
  2 walking earthen tomes
  6 titans
  A shard shrike skeleton (Crypt:3)
  8 quicksilver dragons
  2 deep elf blademasters
  A searing wretch (Depths:2)
  A walking frostbound tome (Depths:2)
  A deep elf master archer (Elf:3)
  Asterion (Vaults:1)
  An acid blob (Slime:1)
  An Executioner (D:1)
  10 tengu reavers
  4 thorn hunters
  4 ancient champions
  4 sphinxes
  11 death cobs
  Gastronok (D:12)
  9 shadow dragons
  A fenstrider witch (Swamp:2)
  Donald (Swamp:4)
  3 draconian monks
  Roxanne (Elf:3)
  3 nagarajas (Snake:4)
  14 storm dragons
  12 protean progenitors
  A rockslime (Slime:1)
  10 fire giants
  3 revenants
  The ghost of Vughu the Sorcerer, an adept DEFE of Vehumet (Elf:2)
  4 deep elf sorcerers
  7 draconian shifters
  An iron dragon (Depths:3)
  9 draconian scorchers
  11 frost giants
  9 draconian knights
  A caustic shrike zombie (Crypt:1)
  2 daevas
  10 vault wardens
  A deep elf elementalist (Elf:2)
  3 angels
  A curse skull (Crypt:3)
  6 ghost moths
  2 broodmothers (Zot:1)
  A juggernaut zombie (Crypt:2)
  3 ghouls
  14 ironbound preservers
  6 formless jellyfish
  3 reapers
  39 very ugly things
  3 draconian stormcallers
  A spriggan defender (Depths:2)
  A juggernaut skeleton (Crypt:1)
  16 stone giants
  10 draconian annihilators
  13 black draconians
  6 green draconians
  10 vampire knights
  3 ironbound thunderhulks
  8 bunyips
  8 deep elf demonologists
  6 deep elf death magi
  16 spark wasps
  7 eleionomae
  A deep elf annihilator (Elf:3)
  13 purple draconians
  11 red draconians
  6 war gargoyles
  8 dire elephants
  11 yellow draconians
  12 white draconians
  An iron golem (Zig:7)
  An acid blob zombie (Crypt:1)
  A mummy priest (Zig:6)
  4 eidola
  2 merfolk javelineers (Zig:5)
  2 green deaths
  A crystal guardian (Vaults:3)
  14 ettins
  Snorg (Lair:5)
  A merfolk impaler (Depths:1)
  3 entropy weavers
  9 fire dragons
  14 jiangshi
  6 deep elf high priests
  An entropy weaver (shapeshifter) (Elf:1)
  A quicksilver dragon skeleton (Crypt:3)
  Josephine (D:10)
  21 yaktaur captains
  3 peacekeepers
  6 rakshasas
  7 great orbs of eyes
  20 hydras
  29 vault guards
  18 ice dragons
  5 spriggan air magi
  6 ghost crabs
  A satyr (Zig:5)
  12 alligators
  5 ironbound frosthearts
  An Orb Guardian zombie (Crypt:2)
  6 ogre magi
  21 anacondas
  22 centaur warriors
  A catoblepas (Zig:4)
  12 two-headed ogres
  28 dancing weapons
  8 boulder beetles
  A death knight (Crypt:1)
  10 tengu warriors
  10 deep troll earth magi
  4 deep troll shamans
  An occultist (Depths:2)
  4 spriggan berserkers
  A hell hog (Depths:3)
  A titan zombie (Vaults:1)
  6 vampire magi
  8 naga sharpshooters
  An azure jelly zombie (Crypt:1)
  11 naga warriors
  2 storm dragon zombies
  A shock serpent (shapeshifter) (Elf:1)
  9 shock serpents
  28 hell knights
  5 skysharks
  7 sun demons
  A skyshark (shapeshifter) (Depths:4)
  20 deep elf knights
  A storm dragon skeleton (Crypt:1)
  2 salamander mystics
  10 iron trolls
  A bunyip zombie (Crypt:3)
  15 skeletal warriors
  2 goliath frogs
  A spark wasp zombie (Zig:6)
  A ghost moth zombie (Crypt:1)
  2 glowing orange brains
  2 shadow wraiths (Crypt:3)
  19 mana vipers
  A shadow demon (D:12)
  A cherub (Zot:3)
  57 deep trolls
  11 swamp dragons
  12 flayed ghosts
  13 bog bodies
  6 sea snakes (Snake:4)
  5 arcanists
  7 naga ritualists
  2 spriggan druids (Swamp:3)
  19 ironbound convokers
  16 phantasmal warriors
  A harpy (shapeshifter) (Elf:2)
  15 deep elf archers
  A swamp dragon (shapeshifter) (Elf:1)
  10 lindwurms
  An anaconda skeleton (Crypt:3)
  4 orc knights
  2 thermic dynamos
  16 deep elf zephyrmancers
  8 harpies (Vaults:1)
  A wolf spider (Orc:1)
  18 necromancers
  43 ugly things
  2 manticores
  3 shining eyes
  7 oklob plants
  An orc sorcerer (D:15)
  A manticore (shapeshifter) (Vaults:5)
  24 deep elf pyromancers
  9 cyclopes
  2 will-o-the-wisps (Swamp:2)
  36 moths of wrath
  9 salamanders
  42 slime creatures
  11 elephants
  A stone giant skeleton (Vaults:1)
  A centaur zombie (D:15)
  A moth of wrath (shapeshifter) (Vaults:5)
  36 black mambas
  17 vault sentinels
  13 guardian serpents
  A water nymph (Depths:4)
  3 rust devils
  15 naga magi
  2 eyes of devastation (Depths:3)
  A fire giant skeleton (Vaults:1)
  13 cane toads
  An orange demon (Zot:3)
  6 gargoyles
  A molten gargoyle (Depths:3)
  A yaktaur zombie (Vaults:1)
  A centaur skeleton (D:15)
  An alligator snapping turtle zombie (Crypt:3)
  4 torpor snails (Lair:5)
  2 rime drakes
  A smoke demon (Zot:1)
  2 hellions
  25 yaktaurs
  A yaktaur (shapeshifter) (D:13)
  An unseen horror (D:10)
  8 tengu conjurers
  2 tormentors
  3 guardian mummies (Zig:6)
  3 freezing wraiths
  10 komodo dragons
  2 red devils
  A harpy zombie (Crypt:3)
  3 polar bears
  17 hornets
  10 tyrant leeches
  15 trolls
  A merfolk (shapeshifter) (Vaults:5)
  A wind drake (shapeshifter) (Elf:1)
  3 tarantellas
  A raiju (shapeshifter) (Elf:1)
  A harpy skeleton (D:15)
  A guardian serpent zombie (Crypt:1)
  4 glass eyes
  A glass eye (shapeshifter) (Vaults:5)
  31 blink frogs
  6 air elementals
  4 fire dragon skeletons (Crypt:3)
  A guardian serpent skeleton (Crypt:2)
  6 shadows
  7 water elementals
  10 wyverns
  2 centaur simulacra
  9 vampires
  A ynoxinul (D:8)
  9 spriggans
  46 yaks
  A human (D:3)
  A human (shapeshifter) (Elf:3)
  13 wraiths
  10 basilisks
  3 wargs
  4 fire elementals
  A chaos spawn (Zot:1)
  7 redbacks
  A steam dragon (shapeshifter) (Elf:1)
  A yaktaur simulacrum (Vaults:1)
  19 vampire mosquitoes
  3 steam dragons
  A glowing shapeshifter zombie (Crypt:1)
  A swamp worm (shapeshifter) (Depths:3)
  38 nagas
  17 swamp worms
  A two-headed ogre zombie (Crypt:2)
  4 acid dragons (Lair:5)
  16 water moccasins
  5 hell hounds
  19 orc warriors
  A glowing shapeshifter skeleton (Zig:6)
  3 black bears
  13 swamp drakes
  An ice beast (D:7)
  7 laughing skulls (Crypt:3)
  A sky beast (D:7)
  22 ogres
  6 boggarts
  12 wolves
  7 centaurs
  A dream sheep skeleton (Crypt:1)
  2 kobold brigands
  16 bullfrogs
  A komodo dragon skeleton (Crypt:2)
  A cyclops zombie (Crypt:1)
  2 scorpions
  2 gnoll sergeants
  3 wights (Crypt:3)
  A howler monkey (shapeshifter) (Elf:1)
  A howler monkey (D:11)
  3 vampire bats (D:3)
  A raiju skeleton (Crypt:2)
  2 bombardier beetles (D:5)
  6 hounds
  4 gnoll boudas
  2 jellies
  7 orc priests
  A sleepcap (D:8)
  A bullfrog skeleton (Crypt:2)
  2 hell rats
  Terence (D:3)
  11 iguanas
  23 orc wizards
  An ogre skeleton (Crypt:2)
  9 mummies (Zig:6)
  Robin (D:1)
  10 adders
  21 gnolls
  7 river rats (D:8)
  2 shadow imps (D:6)
  2 white imps
  4 ufetubi
  3 dart slugs
  40 orcs
  5 ball pythons
  6 bats
  3 bat skeletons (D:3)
  2 bat zombies (D:3)
  5 endoplasms
  6 giant cockroaches
  12 goblins
  12 hobgoblins
  6 jackals
  15 quokkas
  3 frilled lizards
  A goblin zombie (D:3)
  A jackal skeleton (D:3)
  16 kobolds
  2 kobold skeletons
  21 rats
  A rat skeleton (Crypt:1)
  19 aspiring fleshes
2364 creatures vanquished.

Vanquished Creatures (others)
  A tentacled monstrosity (Zot:5)
  A deep elf blademaster (Elf:3)
  A deep elf master archer (Elf:3)
  2 death cobs
  A storm dragon (Vaults:5)
  A draconian stormcaller (Zot:1)
  A ghoul (Crypt:2)
  An ironbound preserver (Vaults:2)
  2 very ugly things
  A green draconian (Zot:3)
  A deep elf death mage (Vaults:4)
  An eleionoma (Swamp:3)
  A war gargoyle (Vaults:3)
  A dire elephant (Vaults:2)
  An entropy weaver (Vaults:1)
  A hydra (Swamp:3)
  3 centaur warriors (Vaults:1)
  An arcanist (Vaults:3)
  4 deep trolls
  A deep elf archer (Elf:3)
  A phantasmal warrior (Crypt:3)
  A moth of wrath (Zot:2)
  A naga mage (Snake:4)
  A black mamba (Snake:4)
  A spriggan (Swamp:3)
  A wraith (D:9)
  A warg (Orc:1)
  2 nagas
  2 ogres (Orc:1)
  A wolf (Lair:5)
  2 foxfires (Swamp:2)
41 creatures vanquished.

Grand Total: 2405 creatures vanquished

Notes
Turn   | Place    | Note
-------+----------+-------------------------------------------
     0 | D:1      | Sergey the Draconian Reaver began the quest for the Orb.
     0 | D:1      | Reached XP level 1. HP: 17/17 MP: 3/3
    29 | D:1      | Reached skill level 1 in Stealth
    29 | D:1      | Reached XP level 2. HP: 11/20 MP: 1/5
   226 | D:1      | Learned a level 2 spell: Momentum Strike
   568 | D:1      | Reached skill level 1 in Translocations
   890 | D:1      | Found a faded altar of an unknown god.
   936 | D:1      | Prayed at the altar of an unknown god.
   936 | D:1      | Became a worshipper of Ru the Awakened
  1126 | D:1      | Reached XP level 3. HP: 26/28 MP: 3/6
  1421 | D:1      | Found a sacrificial altar of Ru.
  2923 | D:2      | Noticed Robin
  3054 | D:2      | Reached XP level 4. HP: 38/38 MP: 4/7
  3225 | D:3      | Noticed Terence
  3324 | D:3      | Found a runed translucent door.
  3324 | D:3      | Noticed a human
  3884 | D:1      | Killed Robin
  5007 | D:3      | Killed Terence
  5008 | D:3      | Reached skill level 1 in Evocations
  5008 | D:3      | Reached XP level 5. HP: 40/45 MP: 8/8
  5251 | D:3      | Found a basalt altar of Yredelemnul.
  5471 | D:3      | Found an ancient bone altar of Kikubaaqudgha.
  5507 | D:3      | Reached XP level 6. HP: 35/52 MP: 9/9
  5708 | D:3      | Killed a human
  5847 | D:3      | Found a shadowy altar of Dithmenos.
  6005 | D:3      | Gained mutation: You are hated by all. [Ru sacrifice]
  6005 | D:3      | Reached * piety under Ru
  6005 | D:3      | Reached ** piety under Ru
  6028 | D:4      | Found an opulent altar of Gozag.
  6174 | D:4      | Found a glowing silver altar of Zin.
  6679 | D:4      | Reached skill level 5 in Fighting
  6719 | D:4      | Reached skill level 1 in Ice Magic
  6755 | D:3      | Your scales start taking on a rich purple colour.
  6755 | D:3      | Reached XP level 7. HP: 53/61 MP: 10/10
  6926 | D:4      | You fall into a shaft and drop 1 floor!
  6926 | D:5      | Entered Level 5 of the Dungeon
  6944 | D:5      | Learned a level 3 spell: Hailstorm
  7424 | D:4      | Found a staircase to the Ecumenical Temple.
  7741 | D:5      | Reached skill level 1 in Earth Magic
  7914 | D:5      | Reached skill level 2 in Earth Magic
  7945 | D:5      | Learned a level 3 spell: Stone Arrow
  7956 | D:5      | Found Atyfacwaid's General Store.
  7964 | D:5      | Bought 6 poisoned darts for 46 gold pieces
  7964 | D:5      | Bought a potion of cancellation for 104 gold pieces
  8024 | D:5      | Found a snail-covered altar of Cheibriados.
  8147 | D:5      | Reached skill level 3 in Earth Magic
  8190 | D:5      | Reached XP level 8. HP: 68/68 MP: 12/12
  8207 | D:5      | Identified the +2 long sword "Kaxudu" {flame, rF+ Str+3
                  | Int+2}
  8813 | D:6      | Reached skill level 4 in Earth Magic
  8823 | D:6      | Gained mutation: You are somewhat unskilled. (-1 Apt) [Ru
                  | sacrifice]
  8823 | D:6      | Reduced skill Translocations to level 1
  8823 | D:6      | Reduced skill Earth Magic to level 3
  8823 | D:6      | Reached *** piety under Ru
  9167 | D:6      | Found a shimmering blue altar of Sif Muna.
  9461 | D:7      | Reached skill level 4 in Earth Magic
  9670 | D:7      | Reached skill level 5 in Conjurations
 10078 | D:7      | Reached skill level 5 in Spellcasting
 10301 | D:7      | Reached XP level 9. HP: 60/70 MP: 9/16
 10302 | D:7      | Reached skill level 1 in Air Magic
 10675 | D:7      | Found a sacrificial altar of Ru.
 11447 | D:8      | Found an iron altar of Okawaru.
 11725 | D:8      | Found a glowing golden altar of the Shining One.
 11751 | D:8      | Learned a level 5 spell: Freezing Cloud
 12388 | D:8      | Gained mutation: You are unskilled. (-2 Apt) [Ru sacrifice]
 12388 | D:8      | Reduced skill Conjurations to level 5
 12388 | D:8      | Reduced skill Earth Magic to level 3
 12388 | D:8      | Reached **** piety under Ru
 12388 | D:8      | Reached ***** piety under Ru
 12933 | D:9      | Reached skill level 5 in Evocations
 12933 | D:9      | Reached XP level 10. HP: 68/78 MP: 2/16
 13235 | D:9      | Reached skill level 5 in Ice Magic
 13377 | D:9      | Found a staircase to the Orcish Mines.
 13826 | D:9      | Found an ornate altar of the Wu Jian Council.
 13956 | D:10     | Entered Level 10 of the Dungeon
 13971 | D:10     | Reached skill level 5 in Air Magic
 13971 | D:10     | Reached skill level 4 in Earth Magic
 14092 | D:10     | Noticed Josephine
 14286 | D:10     | Found a shimmering altar of Xom.
 14286 | D:10     | Noticed a two-headed ogre
 14289 | D:10     | Killed a two-headed ogre
 14290 | D:10     | Reached skill level 5 in Spellcasting
 14316 | D:10     | Found Sorac's Weapon Boutique.
 14779 | D:10     | Killed Josephine
 15147 | D:11     | Noticed a two-headed ogre
 15155 | D:11     | Killed a two-headed ogre
 15156 | D:11     | Reached XP level 11. HP: 85/85 MP: 20/20
 15405 | D:11     | Noticed a boulder beetle
 15412 | D:11     | Killed a boulder beetle
 15477 | D:11     | Noticed a skeletal warrior
 15682 | D:11     | Noticed a purple ugly thing
 15689 | D:11     | Killed a purple ugly thing
 15690 | D:11     | Reached skill level 5 in Fighting
 15784 | D:11     | Found a staircase to the Lair.
 16399 | D:5      | Bought a staff of alchemy for 325 gold pieces
 16535 | Lair:1   | Entered Level 1 of the Lair of Beasts
 17126 | Lair:1   | Learned a level 4 spell: Olgreb's Toxic Radiance
 17144 | Lair:1   | Reached skill level 1 in Alchemy
 17611 | Lair:1   | Reached XP level 12. HP: 73/83 MP: 5/23
 17791 | Lair:1   | Reached skill level 5 in Alchemy
 18966 | Lair:2   | Noticed a four-headed hydra
 18971 | Lair:2   | Killed a four-headed hydra
 20179 | Lair:3   | Noticed a four-headed hydra
 20183 | Lair:3   | Killed a four-headed hydra
 20469 | Lair:3   | Noticed a four-headed hydra
 20474 | Lair:3   | Killed a four-headed hydra
 20845 | Lair:3   | Found a staircase to the Swamp.
 21230 | Lair:3   | Found a staircase to the Snake Pit.
 21660 | Lair:4   | Reached XP level 13. HP: 88/94 MP: 1/26
 22551 | Lair:4   | Found a transporter.
 22878 | Lair:4   | Reached skill level 10 in Spellcasting
 23069 | Lair:4   | Noticed PyrotechnicPerformer's ghost (journeyman DrCA)
 23374 | Lair:4   | Found a transporter.
 23377 | Lair:4   | Got Axkuwkev's Commentary on Differential Orientation
 23687 | Lair:5   | Entered Level 5 of the Lair of Beasts
 23927 | Lair:5   | Noticed Snorg
 23933 | Lair:5   | Killed Snorg
 25639 | Lair:5   | Paralysed by a hornet for 2 turns
 26003 | Lair:5   | Learned a level 2 spell: Blink
 26573 | Lair:2   | Reached XP level 14. HP: 102/102 MP: 11/29
 27538 | Orc:1    | Entered Level 1 of the Orcish Mines
 28226 | Orc:1    | Found Comol's Jewellery Shoppe.
 28275 | Orc:1    | Found Impacsoch's Book Shoppe.
 28449 | Orc:1    | Found Jiogig's General Store.
 29032 | Orc:2    | Entered Level 2 of the Orcish Mines
 29053 | Orc:2    | Reached skill level 5 in Dodging
 29283 | Orc:2    | Found Zayc's Assorted Antiques.
 30118 | Orc:1    | Reached skill level 10 in Fighting
 30533 | Orc:2    | Found Cotuaschy's Weapon Shoppe.
 30534 | Orc:2    | Found Fugiepuaggu's Magic Scroll Shop.
 30536 | Orc:2    | Bought a scroll of blinking for 135 gold pieces
 30555 | Orc:2    | Found Sumpes's Jewellery Emporium.
 30558 | Orc:2    | Bought a scroll of identify for 28 gold pieces
 30558 | Orc:2    | Bought a scroll of identify for 28 gold pieces
 30558 | Orc:2    | Bought a scroll of identify for 28 gold pieces
 30558 | Orc:2    | Identified a scroll of acquirement
 30573 | Orc:2    | Found a staircase to the Elven Halls.
 31391 | Orc:1    | Acquired a +0 pair of boots of stealth
 31437 | Orc:2    | Bought a ring of poison resistance for 240 gold pieces
 31437 | Orc:2    | Bought a ring of protection from fire for 300 gold pieces
 31437 | Orc:2    | Bought a +4 ring of protection for 432 gold pieces
 31552 | Orc:2    | Bought a scroll of teleportation for 42 gold pieces
 31552 | Orc:2    | Bought a scroll of teleportation for 42 gold pieces
 31552 | Orc:2    | Bought a scroll of teleportation for 42 gold pieces
 31864 | D:12     | Noticed Gastronok
 31937 | D:12     | Killed Gastronok
 32303 | D:12     | Learned a level 5 spell: Irradiate
 33602 | D:13     | Found Duezuod's Distillery.
 33610 | D:13     | Bought a potion of might for 52 gold pieces
 34009 | D:13     | Reached XP level 15. HP: 129/129 MP: 21/31
 34831 | D:13     | Identified the +1 short sword of Wosoch Gote {flame, rElec
                  | rPois rN+ Int+3}
 35008 | D:13     | Reached skill level 10 in Conjurations
 36973 | D:15     | Entered Level 15 of the Dungeon
 37512 | D:15     | Found a shimmering altar of Xom.
 38677 | D:15     | Found a staircase to the Depths.
 39034 | Orc:1    | Bought a book of the Earth for 504 gold pieces
 39040 | Orc:1    | Learned a level 5 spell: Lee's Rapid Deconstruction
 39221 | Snake:1  | Entered Level 1 of the Snake Pit
 39341 | Snake:1  | Found a flickering gateway to a bazaar.
 39350 | Bazaar   | Entered a bazaar
 39350 | Bazaar   | Found Cihu's Book Emporium.
 39350 | Bazaar   | Found Vevyasio's Armour Emporium.
 39394 | Bazaar   | Found Erheba Acua's General Store.
 39394 | Bazaar   | Found Numisuy's Book Shoppe.
 39415 | Bazaar   | Bought a potion of heal wounds for 55 gold pieces
 39415 | Bazaar   | Bought a scroll of blinking for 82 gold pieces
 39473 | Snake:1  | Reached skill level 5 in Earth Magic
 40195 | Snake:1  | Reached skill level 6 in Earth Magic
 40831 | Snake:1  | Reached skill level 7 in Earth Magic
 41173 | Snake:1  | Reached XP level 16. HP: 114/139 MP: 16/33
 42279 | Snake:2  | Reached skill level 8 in Earth Magic
 43434 | Snake:3  | Noticed Jorgrun
 43439 | Snake:3  | Killed Jorgrun
 43511 | Snake:3  | Reached skill level 9 in Earth Magic
 43761 | Snake:2  | Gained mutation: You occasionally lose the ability to drink
                  | potions when taking damage. [Ru sacrifice]
 43761 | Snake:2  | Gained mutation: You sometimes lose the ability to drink
                  | potions when taking damage. [Ru sacrifice]
 44001 | Snake:3  | Noticed Mara
 44422 | Snake:3  | Killed Mara
 44474 | Snake:3  | Reached skill level 10 in Earth Magic
 44813 | Snake:3  | Reached skill level 1 in Shapeshifting
 45464 | Snake:3  | Found Ladion's Superior Scales.
 45979 | Snake:4  | Entered Level 4 of the Snake Pit
 46669 | Snake:4  | Reached skill level 5 in Shapeshifting
 47497 | Snake:4  | Gained mutation: You cannot be stealthy. [Ru sacrifice]
 47497 | Snake:4  | Reached ****** piety under Ru
 47845 | Snake:4  | Reached XP level 17. HP: 146/146 MP: 21/34
 48514 | Snake:4  | Found a glowing golden altar of the Shining One.
 49559 | Snake:4  | Learned a level 6 spell: Bombard
 50089 | Snake:4  | Got a serpentine rune of Zot
 50391 | D:13     | Bought a potion of curing for 39 gold pieces
 50391 | D:13     | Bought a potion of curing for 39 gold pieces
 50568 | Swamp:1  | Entered Level 1 of the Swamp
 51621 | Swamp:1  | Reached skill level 10 in Shapeshifting
 56233 | Swamp:3  | Reached XP level 18. HP: 152/154 MP: 29/35
 56358 | Swamp:4  | Entered Level 4 of the Swamp
 56577 | Swamp:4  | Noticed Donald
 56579 | Swamp:4  | Noticed Mlioglotl
 56582 | Swamp:4  | Killed Donald
 56719 | Swamp:4  | Killed Mlioglotl
 57833 | Swamp:4  | Noticed Nikola
 57842 | Swamp:4  | Killed Nikola
 58026 | Swamp:4  | Got a decaying rune of Zot
 58663 | Swamp:4  | Found a runed translucent gate.
 58663 | Swamp:4  | Found a runed translucent gate.
 58663 | Swamp:4  | Found a runed translucent gate.
 58664 | Swamp:4  | Noticed Leszczynek's ghost (adept OnAl)
 59060 | Elf:1    | Entered Level 1 of the Elven Halls
 59528 | Elf:1    | Paralysed by an air elemental for 1 turns
 59966 | Elf:1    | Identified the +0 buckler of Absence {rN+ Will+ Str+2
                  | Int+2}
 59986 | Elf:1    | Got the Secrets of Calefaction and the Rebis
 61326 | Lair:5   | Found a staircase to the Slime Pits.
 61689 | Lair:5   | Identified the serpent talisman of Untruth {Int+6}
 61933 | Swamp:4  | Killed Leszczynek's ghost
 61991 | Swamp:4  | Identified the +3 scimitar of the Sugar Beet {freeze, rN+}
 62547 | Elf:2    | Noticed Vughu's ghost (adept DEFE)
 62718 | Elf:2    | Found a huge runed translucent gate.
 62718 | Elf:2    | Found a huge runed translucent gate.
 62718 | Elf:2    | Found a huge runed translucent gate.
 62718 | Elf:2    | Found a huge runed translucent gate.
 62721 | Elf:2    | Found a huge runed translucent gate.
 62755 | Elf:2    | Found a transporter.
 62760 | Elf:2    | Found a transporter.
 63147 | Elf:1    | Found an ancient bone altar of Kikubaaqudgha.
 63414 | Elf:2    | Reached skill level 15 in Shapeshifting
 63414 | Elf:2    | Reached XP level 19. HP: 87/149 MP: 19/36
 63594 | Elf:3    | Entered Level 3 of the Elven Halls
 63766 | Elf:3    | Identified the +8 battleaxe "Deyfuxe" {venom, rElec}
 63895 | Elf:3    | Noticed Roxanne
 63900 | Elf:3    | Killed Roxanne
 63970 | Elf:3    | Paralysed by an air elemental for 1 turns
 64046 | Elf:2    | Learned a level 3 spell: Passwall
 66219 | Elf:2    | Identified the blade talisman of the Maze {rN+ rCorr Dex+3}
 66305 | Elf:2    | Killed Vughu's ghost
 66306 | Elf:2    | Reached skill level 1 in Shields
 66362 | Elf:2    | Identified the ring "Riopil" {^Drain rElec MP+9 Int+6}
 66367 | Elf:2    | Identified the ring "Nacloqudae" {rPois rN+}
 66704 | Elf:3    | Identified the +1 great mace "Caamawir" {spect, rElec rC++
                  | Will+ rCorr}
 67064 | Elf:3    | Reached skill level 5 in Shields
 67171 | Elf:3    | Identified the +5 rapier of Slow Death {venom, Int+3}
 67175 | Elf:3    | Identified the +3 ring mail "Tyuskul" {^Drain rC++ rCorr
                  | SInv}
 67430 | Elf:3    | Identified the amulet of Mecugho {Acrobat Dex+3}
 67642 | Elf:3    | Identified the +6 arbalest of the Slimy God {speed, Str+3
                  | Int+4}
 67700 | Elf:3    | Identified the +8 sling of Classification {flame, rF++}
 67704 | Elf:3    | Identified the staff of Tirav {rF+ rC+ Str+3 Int+6 Conj}
 68151 | D:14     | Found a gate to the Vaults.
 68172 | Vaults:1 | Entered Level 1 of the Vaults
 68618 | Vaults:1 | Noticed Zenata
 68889 | Vaults:1 | Reached XP level 20. HP: 164/164 MP: 35/37
 69281 | Vaults:1 | Reached skill level 11 in Earth Magic
 70224 | Vaults:1 | Reached skill level 12 in Earth Magic
 70267 | Vaults:1 | Killed Zenata
 70353 | Vaults:1 | Noticed Asterion
 70358 | Vaults:1 | Killed Asterion
 70765 | Vaults:2 | Identified the orb "Lyaw" {*channel, Harm rPois rF+++
                  | Int-4}
 70765 | Vaults:2 | Noticed Frederick
 70772 | Vaults:2 | Killed Frederick
 71148 | Vaults:2 | Reached skill level 13 in Earth Magic
 71239 | Vaults:2 | Identified the +7 rapier of False Accusations {flame,
                  | Str+3}
 72538 | Vaults:2 | Identified the +6 great mace of Descent {heavy, *Corrode
                  | rPois rF+ Will+++}
 72761 | Vaults:2 | Found a staircase to the Crypt.
 72805 | Vaults:3 | Reached skill level 1 in Unarmed Combat
 73383 | Vaults:3 | Reached skill level 14 in Earth Magic
 73964 | Vaults:3 | Noticed Norris
 73969 | Vaults:3 | Killed Norris
 73988 | Vaults:3 | Reached XP level 21. HP: 147/159 MP: 16/38
 74954 | Vaults:4 | Noticed Bai Suzhen
 74963 | Vaults:4 | Killed Bai Suzhen
 75169 | Vaults:4 | Reached skill level 5 in Unarmed Combat
 75913 | Vaults:4 | Acquired the +2 hat of Classification {+Blink MP+9}
 75914 | Vaults:4 | Acquired 807 gold pieces
 75952 | Vaults:4 | Learned a level 5 spell: Borgnjor's Vile Clutch
 76419 | Vaults:4 | Reached skill level 15 in Earth Magic
 76840 | Depths:1 | Entered Level 1 of the Depths
 76894 | Depths:1 | Found a one-way gate leading to the halls of Pandemonium.
 77143 | Depths:1 | Found Zaor's Self-Improvement Boutique.
 78048 | Depths:1 | Identified the +4 flail of Lyejo {freeze, Stlth+}
 78464 | Depths:1 | Found a gateway to Hell.
 78481 | Depths:1 | Found an iron altar of Okawaru.
 78491 | Depths:1 | Reached skill level 16 in Earth Magic
 79018 | Depths:2 | Noticed Margery
 79026 | Depths:2 | Killed Margery
 79027 | Depths:2 | Reached XP level 22. HP: 169/169 MP: 25/40
 79138 | Depths:2 | Identified the ring of the Building Visionary {Fly AC+4
                  | Int+3 Slay+3}
 79340 | Depths:2 | Identified the +7 great mace of True Grit {venom, Fly rN+}
 79468 | Depths:2 | Reached skill level 17 in Earth Magic
 79587 | Depths:2 | Identified the ring "Eqome" {rElec rN+++ EV+5 Dex-5 Stlth+}
 79724 | Depths:2 | Found a transporter.
 79942 | Depths:2 | Identified the +5 robe of Gabeize {*Slow rC- Str+8
                  | Archmagi}
 80143 | Depths:2 | Found Igememap's Book Shop.
 80796 | Depths:2 | Found a transporter.
 80890 | Depths:2 | Identified the ring "Ochoa" {Wiz ^Contam rPois rF++ SInv}
 80948 | Depths:2 | Reached skill level 18 in Earth Magic
 81042 | Depths:2 | Found Ihiomi Ukoal's Armour Boutique.
 81060 | Depths:2 | Learned a level 9 spell: Shatter
 81149 | Depths:2 | Noticed a golden dragon
 81154 | Depths:2 | Killed a golden dragon
 82198 | Depths:3 | Reached skill level 19 in Earth Magic
 82360 | Depths:3 | Found a one-way gateway to a ziggurat.
 82585 | Depths:3 | Found a one-way gate to the infinite horrors of the Abyss.
 83799 | Depths:4 | Entered Level 4 of the Depths
 83805 | Depths:4 | Reached XP level 23. HP: 173/173 MP: 41/41
 84057 | Depths:4 | Found a runed translucent gate.
 84057 | Depths:4 | Found a runed translucent gate.
 84057 | Depths:4 | Found a runed translucent gate.
 84057 | Depths:4 | Noticed a dread lich
 84057 | Depths:4 | Noticed Mafape's ghost (veteran OnGl)
 84076 | Depths:4 | Reached skill level 20 in Earth Magic
 84420 | Depths:4 | Noticed an ancient lich
 84421 | Depths:4 | Found an ancient bone altar of Kikubaaqudgha.
 84421 | Depths:4 | Noticed an ancient lich
 84431 | Depths:4 | Identified the +4 war axe "Facaheh" {drain, Str+2}
 85060 | Depths:4 | Found a gate to the Realm of Zot.
 85524 | Depths:3 | Killed Mafape's ghost
 85641 | Depths:4 | Killed an ancient lich
 85703 | Depths:4 | Killed an ancient lich
 85758 | Depths:4 | Found an ancient bone altar of Kikubaaqudgha.
 85767 | Depths:4 | Got Kikubaaqudgha's Essays on Unholy Magicks
 85775 | Depths:4 | Identified the +2 pair of gloves of Absence {rPois Slay+2
                  | Stlth+}
 85778 | Depths:4 | Identified the ring "Wupnes" {Fly rPois Will+ Str-4}
 85950 | Depths:4 | Killed a dread lich
 85951 | Depths:4 | Reached skill level 15 in Spellcasting
 86012 | Depths:4 | Found a gate to the Realm of Zot.
 86449 | Crypt:1  | Entered Level 1 of the Crypt
 89036 | Crypt:2  | Found a huge runed translucent gate.
 89036 | Crypt:2  | Found a huge runed translucent gate.
 89037 | Crypt:2  | Found a huge runed translucent gate.
 89037 | Crypt:2  | Found a huge runed translucent gate.
 89037 | Crypt:2  | Found a huge runed translucent gate.
 89037 | Crypt:2  | Found a huge runed translucent gate.
 89038 | Crypt:2  | Found a huge runed translucent gate.
 89038 | Crypt:2  | Found a huge runed translucent gate.
 89038 | Crypt:2  | Found a huge runed translucent gate.
 89242 | Crypt:2  | Reached skill level 21 in Earth Magic
 89513 | Crypt:3  | Entered Level 3 of the Crypt
 90266 | Crypt:3  | Identified the staff of Midsummer {rElec rPois rN+ Int-4
                  | Necro}
 90266 | Crypt:3  | Identified the death talisman of the Dragonfruit {*Corrode
                  | rF+ Dex+3}
 90347 | Crypt:3  | Reached XP level 24. HP: 195/195 MP: 43/43
 90903 | Crypt:3  | Noticed Sojobo
 90909 | Crypt:3  | Killed Sojobo
 91048 | Crypt:3  | Learned a level 8 spell: Lehudib's Crystal Spear
 91371 | Crypt:3  | Found a staircase to the Tomb.
 91386 | Crypt:3  | Noticed an ancient lich
 91717 | Crypt:3  | Identified the amulet "Ylifew" {-Cast *Slow Fly Regen+
                  | Str+5}
 91874 | Crypt:3  | Noticed a dread lich
 91882 | Crypt:3  | Killed a dread lich
 92199 | Crypt:3  | Killed an ancient lich
 92200 | Crypt:3  | Reached skill level 22 in Earth Magic
 92306 | Crypt:3  | Identified the ring of Kego Upiwku {rPois rN++}
 92306 | Crypt:3  | Identified the amulet "Tipniux" {Regen+ RegenMP+ Int+3}
 92306 | Crypt:3  | Identified the ring "Nits" {rN++ Will+ EV+5 Dex+2 Stlth-}
 92621 | Vaults:5 | Entered Level 5 of the Vaults
 92689 | Vaults:5 | Reached skill level 23 in Earth Magic
 92925 | Vaults:5 | Acquired 1073 gold pieces
 92934 | Vaults:5 | Acquired a manual of Shapeshifting
 93187 | Vaults:5 | Identified the +5 whip of Eternal Night {drain, ^Fragile
                  | rC+ rN+ MP+9}
 93692 | Vaults:5 | Identified the staff of the Dowdy God {Will- Stlth+ Conj
                  | Alchemy}
 93734 | Vaults:5 | Identified the +1 chain mail of the Shrike {Will- Int+4
                  | Dex+3}
 93855 | Vaults:5 | Identified the ring "Kusk" {rElec Will+ Int+3 Dex+6}
 93859 | Vaults:5 | Got a silver rune of Zot
 94461 | Slime:1  | Entered Level 1 of the Pits of Slime
 94472 | Slime:1  | Gained mutation: Your magical capacity is low. (-10% MP) [a
                  | shining eye]
 94509 | Slime:1  | Reached XP level 25. HP: 179/179 MP: 37/39
 94940 | Orc:1    | Bought a condenser vane for 680 gold pieces
 94940 | Orc:1    | Bought a scroll of teleportation for 51 gold pieces
 95306 | Zot:1    | Entered Level 1 of the Realm of Zot
 95749 | Zig:1    | Entered Level 1 of a ziggurat
 95796 | Zig:2    | Entered Level 2 of a ziggurat
 95796 | Zig:2    | Found the +5 scythe "Finisher" {speed, execute}
 95839 | Zig:3    | Entered Level 3 of a ziggurat
 95891 | Zig:3    | Identified the +1 broad axe of Action {freeze, rElec Str+4}
 95896 | Zig:4    | Entered Level 4 of a ziggurat
 95938 | Zig:4    | Got Toirghir's Tractate on the Missiles
 95941 | Zig:5    | Entered Level 5 of a ziggurat
 95992 | Zig:6    | Entered Level 6 of a ziggurat
 95993 | Zig:6    | Found the +7 mace of Variability {chaos, chaos arc}
 96056 | Zig:6    | Identified the ring "Girrecounn" {MP+9 Slay+2}
 96079 | Zig:7    | Entered Level 7 of a ziggurat
 96162 | Zig:7    | Reached XP level 26. HP: 210/210 MP: 40/40
 96532 | Zot:1    | Noticed an orb of fire
 96536 | Zot:1    | Gained mutation: You are dopey. (Int -2) [an orb of fire]
 96539 | Depths:4 | Gained mutation: You are frail. (-10% HP) [an orb of fire]
 96540 | Depths:4 | Killed an orb of fire
 96556 | Depths:4 | Lost mutation: You are frail. (-10% HP) [potion of
                  | mutation]
 96556 | Depths:4 | Lost mutation: Your magical capacity is low. (-10% MP)
                  | [potion of mutation]
 96556 | Depths:4 | Lost mutation: You are dopey. (Int -2) [potion of mutation]
 96556 | Depths:4 | Gained mutation: Your large and strong wings let you fly.
                  | [potion of mutation]
 96903 | Zot:1    | Reached skill level 24 in Earth Magic
 96966 | Zot:1    | Noticed an orb of fire
 96968 | Zot:1    | Gained mutation: You have hidden genetic defects. [an orb
                  | of fire]
 96971 | Zot:1    | Killed an orb of fire
 98118 | Zot:1    | Gained mutation: Your spells are a little easier to cast,
                  | but a little less powerful. [hidden defects]
 98431 | Zot:1    | Learned a level 7 spell: Ozocubu's Refrigeration
 98925 | Zot:2    | Found a transporter.
 98947 | Zot:2    | Found a transporter.
 99136 | Zot:2    | Found a transporter.
 99222 | Zot:2    | Found a transporter.
 99451 | Zot:3    | Reached XP level 27. HP: 191/191 MP: 45/45
100428 | Zot:3    | Gained mutation: Your health recovers twice as slowly from
                  | being drained. [hidden defects]
100428 | Zot:3    | Lost mutation: You have hidden genetic defects. [hidden
                  | defects expressed]
100672 | Zot:4    | Reached skill level 10 in Ice Magic
102050 | Zot:5    | Entered Level 5 of the Realm of Zot
102513 | Zot:5    | Noticed an orb of fire
102518 | Zot:5    | Killed an orb of fire
102937 | Zot:5    | Noticed an orb of fire
102941 | Zot:5    | Killed an orb of fire
103063 | Zot:5    | Noticed a dread lich
103067 | Zot:5    | Killed a dread lich
103113 | Zot:5    | Noticed an ancient lich
103116 | Zot:5    | Killed an ancient lich
103117 | Zot:5    | Noticed an orb of fire
103118 | Zot:5    | Gained mutation: You are clumsy. (Dex -2) [an orb of fire]
103118 | Zot:5    | Gained mutation: You are dopey. (Int -2) [an orb of fire]
103126 | Zot:5    | Killed an orb of fire
103137 | Zot:5    | Noticed an orb of fire
103142 | Zot:5    | Noticed an ancient lich
103143 | Zot:5    | Killed an orb of fire
103143 | Zot:5    | Killed an ancient lich
103153 | Zot:5    | Noticed an ancient lich
103155 | Zot:5    | Killed an ancient lich
103176 | Zot:5    | Reached skill level 15 in Fighting
105161 | Zot:5    | Got the Orb of Zot
105256 | Zot:2    | Noticed Panacupn the pandemonium lord
105263 | Zot:1    | Noticed a seraph
105279 | Zot:1    | Killed a seraph
105675 | D:7      | Noticed Jyoderok the pandemonium lord
105786 | D:$      | Escaped with the Orb!

Illustrated notes

Levels and vault maps discovered:
D:1:      lightli_arrival_flooded_house, layout_loops_ring,
          basic_ecumenical_altar, fountainhead, minmay_splitting_lines
D:2:      layout_loops_ring, uniq_robin
D:3:      layout_basic, kennysheep_vampire_church, dk_yredelemnul_ordeal,
          nicolae_dithmenos_through_a_glass_darkly, kennysheep_small_spiral,
          chequers_arboretum, dk_noncrumbling_3,
          nicolae_concentric_dashed_squares_wild, uniq_terence
D:4:      kennysheep_big_flooded_room, layout_cave_pods, grunt_gozag_statues,
          zin_academy, minmay_temple_entry_poolview
D:5:      layout_basic, kennysheep_mini, serial_shops, shop
D:6:      layout_loops_cross, led_sif_pool
D:7:      layout_cave_pods, nicolae_ru_great_annihilating_truth,
          mainiacjoe_overflow_tiny_flanked, mainiacjoe_overflow_alcove_2,
          ebering_dispersal_statue_hall
D:8:      lemuel_ratsnest, layout_loops_ring, old_standard_altar,
          mainiacjoe_overflow_paths
D:9:      layout_long_grid, nzn_wu_jian_contemplation, orc_0_dummy
D:10:     layout_gridville, lemuel_crystal_altar, nicolae_take_the_stairs,
          uniq_josephine
D:11:     layout_stronghold, minmay_lair_entry_grove
D:12:     layout_roguey, uniq_gastronok
D:13:     kennysheep_scales, layout_loops_corners, serial_shops,
          nicolae_shop_peninsula
D:14:     layout_loops_corners, david_vaults_5, chequers_serial_rivers_large_b
D:15:     grunt_enter_depths_magical_seal, layout_loops_ring,
          kennysheep_pointless_box, minmay_misc_feat_x, xom_teletrap_fun
Lair:1:   layout_chaotic_city, tgw_fedhas
Lair:2:   layout_cave_pods, infiniplex_staircase_pool_2, serial_bayou_shore_b
Lair:3:   layout_regular_city, palyth_hydra_swamp_entry,
          alex1729_snake_entry_snake, minmay_stone_trees_small,
          serial_bayou_shore_b
Lair:4:   layout_regular_city, nzn_ghost_randoct, nzn_random_ring,
          grunt_megastairs_4
Lair:5:   guppyfry_lair_end_dragon, layout_hall_layers, wormcave,
          minmay_slime_entry_oklob_enclosed, st_stairs_7, uniq_snorg
Swamp:1:  cheibrodos_swamp_tower_of_moss, layout_basic_swamp,
          evilmike_swamp_ruin_rubble_1
Swamp:2:  layout_basic_swamp, evilmike_swamp_ruin_house_5, swamp_pool_3,
          nicolae_swamp_feature_on_the_river_bank
Swamp:3:  layout_basic_swamp, evilmike_swamp_ruin_house_2, swamp_pool_5,
          nicolae_swamp_triple_paths, nicolae_swamp_little_tower
Swamp:4:  swamp_alternative, layout_basic_swamp, gammafunk_ghost_hydra_chop,
          uniq_nikola, uniq_mlioglotl, uniq_donald
Snake:1:  layout_chambers, serial_shops, bzr_entry_lakeside,
          nicolae_integral_box
Snake:2:  layout_layer_cave
Snake:3:  layout_layer_cave, st_stairs_11, nicolae_snake_gridmaze_waves,
          hellmonk_scale_shop, uniq_jorgrun, uniq_mara
Snake:4:  grunt_snake_rune_pools, layout_cave_town, basic_altar,
          hangedman_snake_corridor_cut
Slime:1:  cheibrodos_slime_lost_civilization_3, layout_caves,
          cheibrodos_slime_lost_civilization_5
Orc:1:    nicolae_orc_accident_3, layout_diamond_mine, serial_shops,
          nicolae_shop_window_shopping, nicolae_shop_trees, shop_fountains,
          nicolae_orc_tapped_out
Orc:2:    st_orc_open, layout_caves, mines1_david
Elf:1:    layout_gridlike, nicolae_elf_shapeshifter_party, lemuel_upstairs_altar
Elf:2:    elven_hall_of_blades_hangedman_alternative [nicolae_blade_lattice],
          layout_gridlike, gammafunk_ghost_arena
Elf:3:    elf_hall, layout_geoelf_octagon, uniq_roxanne
Vaults:1: ontoclasm_vaults_decontamination, hangedman_vaults_corner, v_misc_1,
          nicolae_vaults_ninety_degrees, ontoclasm_vaults_fire_temple,
          hangedman_vaults_nails, nicolae_vaults_wine_cellar, v_misc_10,
          nicolae_vaults_tetromino_Z_2, nicolae_vaults_little_squares_4,
          nicolae_vaults_house_1, layout_vaults_ring, uniq_asterion, uniq_zenata
Vaults:2: minmay_crypt_entry_simple_box, vaults_room_hallway,
          nicolae_vaults_double_plus_2, nicolae_vaults_tetromino_Z_2,
          nicolae_vaults_storage_closets_1, ontoclasm_vaults_chip,
          nicolae_vaults_house_1, nicolae_vaults_double_plus_1,
          nicolae_vaults_closet_pinwheel_4, nicolae_vaults_closet_pinwheel_5,
          nicolae_vaults_ring_of_whatevers, nicolae_vaults_tetromino_Z_1,
          nicolae_vaults_closet_pinwheel_3, nicolae_vaults_stepped_doors,
          nicolae_vaults_tetromino_L_1, vaults_dpeg_hooks,
          layout_vaults_quadrants, uniq_frederick
Vaults:3: nicolae_vaults_doubleplus_tesselated, vaults_room_door_ring,
          hangedman_vaults_maws, nicolae_vaults_diamond_1,
          vaults_room_stairs_pillars, nicolae_vaults_sealed_display,
          nicolae_vaults_little_squares_5, nicolae_vaults_variable_pillar_hall,
          v_alt_pattern_4, nicolae_vaults_more_shelving_2, vaults_dpeg_ring,
          vaults_dpeg_doors, vaults_room_hallway, ontoclasm_vaults_shuriken,
          layout_vaults_maze, uniq_norris
Vaults:4: nicolae_vaults_apartment_2, nicolae_vaults_library_corner,
          vaults_room_fancy_cross, nicolae_vaults_sightless_eye,
          nicolae_vaults_mini_display_case, vaults_dpeg_cross,
          nicolae_vaults_tetromino_L_2, hangedman_vaults_capsules,
          nicolae_vaults_network_square, nicolae_vaults_double_plus_2,
          hangedman_vaults_cutoff, layout_vaults_big_room, uniq_bai_suzhen
Vaults:5
Crypt:1:  layout_catacombs, item_on_display_a, grunt_crypt_arrival_webbed
Crypt:2:  cheibrodos_crypt_3hun_7po, layout_gridlike, amcnicky_mini_pool_small,
          hex_tiny, grunt_megastairs_1
Crypt:3:  quadcrypt_mu, uniq_sojobo
Depths:1: layout_gridville, hell_entry, okawaru_trees_1, serial_bayou,
          serial_bayou_pond_b, serial_bayou_pond_c, serial_bayou_pond_d,
          serial_bayou_crossing, pan_entry, nicolae_shop_self_help
Depths:2: hangedman_spin_cycle, hell_entry, pan_entry
Depths:3: nicolae_aperiodic_l_corner, layout_basic, enter_ziggurat_c,
          nicolae_hell_entry_hellmouth_sunbeams, abyss_entry_crystal,
          minivault_1, minmay_misc_feat_five
Depths:4: evilmike_zot_entry_round, layout_cave_shapes, pf_coc_iceberg,
          gammafunk_ghost_crypt, hangedman_decor_riveting, fountainhead,
          lemuel_flame_loot_1
Zot:1:    nicolae_moth_party, layout_twisted_circle
Zot:2:    kennysheep_spiral_hall, layout_twisted_circle,
          hangedman_zot_decor_scrapings, nicolae_transporter_intersection
Zot:3:    layout_gridlike
Zot:4:    layout_gridlike, skrybe_zot_glass_2, regret_index_zotdec_gossamer_gf,
          st_single_dragon_hoard_2, guppyfry_library_mini
Zot:5:    layout_cathedral_of_symmetry

Skill      XL: |  1  2  3  4  5  6  7  8  9 10 11 12 13 14 15 16 17 18 19 20 21 22 23 24 25 26 27 |
---------------+----------------------------------------------------------------------------------+-----
Stealth        | 1 2 3 2 0 |  0.0
Translocations | 1 2 1 |  1.5
Fighting       | 3 5 4 5 8 11 12 16 | 16.4
Evocations     | 1 3 4 5 6 7 |  7.0
Ice Magic      | 1 4 4 4 5 6 7 9 13 | 13.3
Earth Magic    | 3 4 3 4 7 10 14 16 19 21 23 24 | 24.0
Spellcasting   | 5 4 6 7 9 11 12 13 14 16 17 18 | 18.0
Conjurations   | 5 6 7 8 9 10 | 10.0
Short Blades   | 2 |  2.4
Air Magic      | 3 5 6 7 |  7.0
Dodging        | 3 5 7 8 |  8.0
Alchemy        | 4 6 7 |  7.0
Shapeshifting  | 7 11 15 16 17 18 | 18.6
Shields        | 7 8 |  8.0
Unarmed Combat | 3 6 |  6.0

Action                     |  1- 3 |  4- 6 |  7- 9 | 10-12 | 13-15 | 16-18 | 19-21 | 22-24 | 25-27 || total
---------------------------+-------+-------+-------+-------+-------+-------+-------+-------+-------++-------
  Melee: Dagger            |   120 |   123 |   175 |    95 |    26 |       |       |       |       ||   539
         Short sword       |    24 |    27 |       |       |    36 |    46 |       |       |       ||   133
         Tailslap          |     7 |    20 |    35 |    11 |    17 |     9 |    42 |    26 |    12 ||   179
         Staff             |       |       |       |       |    10 |    18 |   134 |   105 |    37 ||   304
         Maw               |       |       |       |       |       |     8 |       |       |       ||     8
         Unarmed           |       |       |       |       |       |     6 |    14 |       |       ||    20
   Fire: Sling             |       |    30 |    19 |       |       |       |       |       |       ||    49
  Throw: Stone             |    14 |       |       |       |       |       |       |       |       ||    14
         Dart              |       |       |    34 |    14 |     2 |     1 |       |       |       ||    51
         Throwing net      |       |       |       |     1 |     1 |       |       |       |       ||     2
   Cast: Kiss of Death     |     2 |       |     3 |       |       |       |       |       |       ||     5
         Momentum Strike   |    20 |     2 |     1 |       |       |       |       |       |       ||    23
         Hailstorm         |       |       |    20 |     7 |     9 |    16 |     1 |     7 |       ||    60
         Stone Arrow       |       |       |    69 |   147 |   307 |   300 |   282 |       |       ||  1105
         Olgreb's Toxic Ra |       |       |       |    11 |   159 |    14 |    33 |     2 |       ||   219
         Freezing Cloud    |       |       |       |    10 |   100 |   189 |    56 |     5 |     2 ||   362
         Irradiate         |       |       |       |       |    51 |   184 |   127 |    93 |    36 ||   491
         Lee's Rapid Decon |       |       |       |       |       |    54 |    51 |   113 |       ||   218
         Bombard           |       |       |       |       |       |    20 |   180 |   467 |   141 ||   808
         Blink             |       |       |       |       |       |       |     3 |       |     3 ||     6
         Borgnjor's Vile C |       |       |       |       |       |       |    43 |   103 |    23 ||   169
         Passwall          |       |       |       |       |       |       |     2 |     3 |     2 ||     7
         Shatter           |       |       |       |       |       |       |       |    37 |   307 ||   344
         Lehudib's Crystal |       |       |       |       |       |       |       |     2 |    59 ||    61
         Ozocubu's Refrige |       |       |       |       |       |       |       |       |    36 ||    36
 Invoke: Reject Sacrifices |     1 |       |       |     2 |     1 |       |       |       |       ||     4
         Sacrifice Love    |       |     1 |       |       |       |       |       |       |       ||     1
         Sacrifice Skill   |       |       |     2 |       |       |       |       |       |       ||     2
         Apocalypse        |       |       |     1 |    11 |     9 |    13 |     9 |     8 |     8 ||    59
         Power Leap        |       |       |       |     3 |     1 |     2 |     1 |       |       ||     7
         Draw Out Power    |       |       |       |       |     3 |     1 |     1 |       |       ||     5
         Sacrifice Drink   |       |       |       |       |       |     1 |       |       |       ||     1
         Sacrifice Stealth |       |       |       |       |       |     1 |       |       |       ||     1
Ability: Nullifying Breath |       |       |     4 |     5 |     6 |     8 |       |       |       ||    23
         Begin Untransform |       |       |       |       |       |       |     1 |       |       ||     1
  Evoke: Wand              |       |    15 |    11 |    27 |    26 |    25 |    15 |     4 |    13 ||   136
         Lightning rod     |       |       |       |       |       |    16 |    12 |     6 |    13 ||    47
         Condenser vane    |       |       |       |       |       |       |       |       |     1 ||     1
    Use: Potion            |       |     1 |     1 |       |     5 |     2 |     1 |     3 |    17 ||    30
         Scroll            |       |     9 |     6 |     5 |    18 |     4 |    12 |     8 |    25 ||    87
   Stab: Sleeping          |       |     5 |     3 |       |     4 |       |       |       |       ||    12
         Paralysed         |       |       |     1 |     2 |       |     3 |     2 |     1 |       ||     9
         Invisible         |       |       |       |     1 |       |       |       |     2 |     1 ||     4
         Distracted        |       |       |       |       |       |       |       |     1 |       ||     1
 Armour: Skin              |    78 |    90 |   126 |   117 |   313 |   545 |  1025 |   907 |   704 ||  3905
  Dodge: Dodged            |    76 |    85 |   136 |    88 |   172 |   279 |   510 |   413 |   264 ||  2023
  Block: Buckler           |       |       |       |       |       |     7 |   211 |   177 |   106 ||   501
   Form: Maw               |       |       |       |       |       |     1 |       |       |       ||     1
         Statue            |       |       |       |       |       |     1 |     1 |       |       ||     2

Table legend: (Time is in decaauts)
 A = Elapsed time spent in this place.
 B = Non-inter-level travel time spent in this place.
 C = Inter-level travel time spent in this place.
 D = Time resting spent in this place.
 E = Time spent auto-exploring this place.
 F = Levels seen in this place.
 G = Mean time per level.
                   A        B        C        D        E       F      G
               +--------+--------+--------+--------+--------+-----+--------+
         Total | 129781 | 117274 |  12507 |   9041 |  89576 |  59 | 2199.7 |
       Dungeon |  28902 |  24125 |   4777 |   2343 |  17215 |  15 | 1926.8 |
          Lair |  13343 |  11591 |   1752 |   1175 |   9020 |   5 | 2668.6 |
         Swamp |   8613 |   8115 |    498 |    651 |   6472 |   4 | 2153.2 |
     Snake Pit |  11118 |  10699 |    419 |    344 |   9183 |   4 | 2779.5 |
    Slime Pits |     63 |     63 |      0 |      0 |      0 |   1 |   63.0 |
  Orcish Mines |   4487 |   3811 |    676 |    314 |   2996 |   2 | 2243.5 |
   Elven Halls |  10398 |   9457 |    941 |   1938 |   6084 |   3 | 3466.0 |
        Vaults |  15095 |  14344 |    751 |    402 |  11440 |   5 | 3019.0 |
         Crypt |   9208 |   8669 |    539 |     51 |   7462 |   3 | 3069.3 |
        Depths |  15690 |  14378 |   1312 |    936 |  10921 |   4 | 3922.5 |
           Zot |  12156 |  11319 |    837 |    885 |   8224 |   5 | 2431.2 |
      Ziggurat |    628 |    628 |      0 |      0 |    498 |   7 |   89.7 |
        Bazaar |     75 |     75 |      0 |      0 |     58 |   1 |   75.0 |
               +--------+--------+--------+--------+--------+-----+--------+

Top non-repeatable levels by time:
   Elf:2: 5172 daAuts
 Crypt:3: 4500 daAuts
Depths:2: 4255 daAuts
Depths:4: 4229 daAuts
  Lair:5: 4112 daAuts
Depths:1: 3704 daAuts
Vaults:2: 3538 daAuts
 Snake:4: 3532 daAuts
Vaults:1: 3501 daAuts
Depths:3: 3500 daAuts
Vaults:4: 3232 daAuts
 Swamp:3: 3177 daAuts
 Snake:3: 3148 daAuts
    D:14: 2963 daAuts
   Elf:3: 2920 daAuts
